[Event "*** Titled Tuesday Blitz"]
[Site "Chess.com"]
[Date "2020.11.24"]
[Round "7"]
[White "NikolaGry"]
[Black "juancruzarias"]
[Result "0-1"]
[WhiteElo "2719"]
[BlackElo "2562"]
[TimeControl "180+1"]
[EndTime "11:36:40 PST"]
[Termination "juancruzarias won on time"]

1. d4 e6 2. Nf3 Nf6 3. g3 d5 4. Bg2 Be7 5. c4 c6 6. b3 Ne4 7. O-O O-O 8. Ba3 Bxa3 9. Nxa3 Qe7 10. Nc2 f5 11. Ne5 Nd7 12. Nxd7 Bxd7 13. f3 Nd6 14. c5 Nb5 15. a4 Nc7 16. f4 g5 17.
e3 Be8 18. Ne1 a5 19. Nd3 Kh8 20. Ne5 Na6 21. Qd2 Nb4 22. Rf2 Rg8 23. Raf1 Bh5 24. Bf3 Bxf3 25. Nxf3 h6 26. Ne5 Rg7 27. fxg5 Rxg5 28. g4 Rag8 29. Kh1 Qg7 30. Qd1 h5 31.
gxf5 Rxf5 32. Nf3 Qg4 33. Rg1 Qe4 34. Rxg8+ Kxg8 35. Qg1+ Kh8 36. Qg6 Qg4 37. Qh6+ Kg8 38.
Rg2 Rxf3 39. Rxg4+ hxg4 40. Qxe6+ Rf7 41. Qxg4+ Kf8 42.
Qe2 Re7 43. h4 Re4 44. h5 Kg7 45. Kg2 Kh6 46. Kf3 Kg5 47. Qg2+ Kxh5 48. Qg7 Nd3 49.
Qh7+ Kg5 50. Qxb7 Nb4 51. Qc7 Nc2 52. Qd8+ Kf5 53. Qxa5 Rxe3+ 54. Kf2 Rxb3 55. Qc7 Nxd4 56. a5 Ke4 57. Qe7+ Kd3 58. a6 Rb2+ 59. Kf1 Ra2 60.
a7 Nf3 61. Qe6 Rxa7 62. Kf2 Nd4 63. Qe3+ Kc4 64. Qc1+ Kb5 65. Qb2+ Kc4 66. Qc1+ Kb4 67. Qb2+ Nb3 68. Ke3 Ra3 69. Kd3 Ka4 70. Kc3 Nxc5+ 71. Kd4 Nb3+ 72. Ke5 d4 73. Kd6 c5 74. Kc6 Kb4 0-1

[Event "*** Titled Tuesday Blitz"]
[Site "Chess.com"]
[Date "2020.11.24"]
[Round "7"]
[White "JoliyRoger"]
[Black "SchmakAttack"]
[Result "0-1"]
[WhiteElo "2364"]
[BlackElo "2509"]
[TimeControl "180+1"]
[EndTime "11:36:40 PST"]
[Termination "SchmakAttack won on time"]

1. Nf3 Nf6 2. c4 e6 3. d4 d5 4. cxd5 exd5 5. Nc3 Bd6 6. Bg5 c6 7. e3 O-O 8. Bd3 Re8 9. Qc2 h6 10. Bh4 Nbd7 11. Bg3 Qe7 12. a3 b6 13. O-O Bb7 14. b4 Bxg3 15. hxg3 Ne4 16. Rac1 a5 17. Bxe4 dxe4 18. Nd2 axb4 19. axb4 Qxb4 20. Ncxe4 Qe7 21.
Nc3 c5 22. d5 Ne5 23. Nf3 Nxf3+ 24. gxf3 Qf6 25. Kg2 b5 26. Nxb5 Bxd5 27. e4 Ra2 28.
Qc3 Be6 29. Qxf6 gxf6 30. Rxc5 Rd8 31. Nc7 Bb3 32. Nd5 Bxd5 33. exd5 Rd2 34. Rc6 Kg7 35. Rh1 R2xd5 36. Rh4 Rg5 37. Rf4 Rg6 38. Rf5 Rd4 39. g4 Rd2 40. Kg3 Rd1 41. Kg2 Rd2 42. Rc8 Rd1 43. Ra5 Rd7 44. Raa8 f5 45. Rg8+ Kf6 46. Ra6+ Kg5 47. Rgxg6+ fxg6 48. Kg3 fxg4 49. fxg4 Rd3+ 50. f3 h5 51. Ra5+ Kh6 52. g5+ Kg7 53. Ra7+ Kf8 54. Ra6 Kf7 55. Rf6+ Kg7 56. Rf4 Rd5 57. Kh4 Rd1 58.
Rf6 Rh1+ 59. Kg3 Rg1+ 60. Kf4 h4 61. Rc6 h3 62. Rc2 Rg2 63. Rc1 h2 64. Rh1 Kf7 65.
Ke4 Ke6 66. f4 Ra2 67. Re1 Re2+ 68. Rxe2 h1=Q+ 69. Kd4+ Kf5 70. Re3 Kxf4 71. Re6 Qd1+ 72. Kc5 Kxg5 73. Re5+ Kh4 74. Re4+ Kg3 75. Re3+ Kf4 76.
Re6 g5 77. Rd6 Qxd6+ 78. Kxd6 g4 0-1

[Event "*** Titled Tuesday Blitz"]
[Site "Chess.com"]
[Date "2020.11.24"]
[Round "7"]
[White "djano"]
[Black "ViktoriyaTarasova"]
[Result "1/2-1/2"]
[WhiteElo "2459"]
[BlackElo "2299"]
[TimeControl "180+1"]
[EndTime "11:36:42 PST"]
[Termination "Game drawn - insufficient material"]

1. d4 Nf6 2. Bf4 e6 3. Nf3 c5 4. e3 Nc6 5. Nbd2 d5 6. c3 cxd4 7. exd4 Bd6 8. Bg3 O-O 9. Bd3 Ne7 10. Qc2 Nf5 11. Ne5 h6 12. Ndf3 Qe7 13. O-O Nxg3 14. hxg3 b6 15. a4 a5 16. Rfe1 Bb7 17. g4 Ne4 18. Nd2 Bxe5 19. dxe5 Nc5 20. Bb5 Ba6 21. Bxa6 Nxa6 22. Nf3 Rac8 23. g3 Rfd8 24. Kg2 d4 25.
Rad1 dxc3 26. bxc3 Nc5 27. Rd4 Qb7 28. Red1 Rd7 29. Qe2 Rcd8 30. Kh2 Nxa4 31. Rc1 Nc5 32. Rcd1 a4 33. g5 h5 34. g6 fxg6 35. Nh4 Nb3 36. Rxd7 Rxd7 37. Rxd7 Qxd7 38. Nxg6 Qd2 39. Qf3 Qd8 40.
Qxh5 Kf7 41. Nf4+ Ke7 42. Qg5+ Kd7 43. Qxg7+ Kc6 44. Nxe6 Qd2 45. Qc7+ Kb5 46. c4+ Ka5 47. Qa7+ Kb4 48. Qe7+ Kc3 49. c5 Qxf2+ 50. Kh3 Qf5+ 51. g4 Qf3+ 52. Kh4 Qf2+ 53. Kh5 Qh2+ 54. Kg6 Qxe5 55. c6 Qe4+ 56. Kf7 Qxc6 57. g5 b5 58. g6 Qf3+ 59. Qf6+ Qxf6+ 60. Kxf6 a3 61. g7 a2 62. g8=Q a1=Q 63. Kf7 Qf1+ 64. Ke7 Kb2 65. Qh8+ Ka3 66.
Qc3 Qc4 67. Qe3 Kb2 68. Qe5+ Qc3 69. Qe2+ Qc2 70. Qxb5 Qc3 71. Qd5 Kc2 72. Qe4+ Kb2 73. Qe2+ Qc2 74. Qxc2+ Kxc2 1/2-1/2

[Event "*** Titled Tuesday Blitz"]
[Site "Chess.com"]
[Date "2020.11.24"]
[Round "7"]
[White "BogdanDeac"]
[Black "Smirnov_Pavel"]
[Result "1-0"]
[WhiteElo "2910"]
[BlackElo "2830"]
[TimeControl "180+1"]
[EndTime "11:36:44 PST"]
[Termination "BogdanDeac won by resignation"]

1. Nf3 Nf6 2. c4 e6 3. Nc3 d5 4.
d4 c6 5. e3 Nbd7 6. Qc2 Bd6 7.
Be2 O-O 8. O-O dxc4 9. a4 e5 10. Bxc4 a5 11. Rd1 Qe7 12. e4 exd4 13. Nxd4 Nb6 14.
Bf1 Bg4 15. f3 Qe5 16. f4 Bxd1 17. Qxd1 Qe7 18. e5 Bc5 19. exf6 Qxf6 20. Be3 Rad8 21. Nce2 Nd5 22. Qc1 Nxe3 23. Qxc5 Rd5 24. Qc3 Re8 25. Nf3 Qe7 26. Ng3 Rc5 27. Qb3 Nxf1 28. Kxf1 Qc7 29. Rd1 Qxf4 30. Qxb7 Rc1 31. Qd7 Qe3 32. Qxe8+ Qxe8 33. Rxc1 h6 34. Ne2 Qb8 35. Rxc6 Qxb2 36. Rc4 Qa2 37.
Rd4 g5 38. h4 f6 39. Ng3 Kf7 40. Kg1 Ke6 41. Kh2 Qa1 42. Re4+ Kd5 43. Rd4+ Ke6 44. Rc4 Kd5 45. Rg4 Ke6 46. Rd4 Kf7 47. Rd7+ Ke6 48.
Rd4 Kf7 49. Nf5 Ke6 50. Nxh6 gxh4 51. Rxh4 Qc1 52. Re4+ Kd5 53. Rd4+ Kc5 54. Ng4 Qb1 55. Nxf6 Qb8+ 56. Kg1 Qb1+ 57. Kf2 Qc2+ 58. Kg3 Qg6+ 59. Ng4 Qg7 60. Rf4 Qc7 61. Nge5 Kd5 62. Rd4+ Ke6 63. Rc4 Qb8 64. Rc6+ Kd5 65. Rc4 Qb3 66. Rd4+ Ke6 67. Nd3 Qb1 68. Nf4+ Kf5 69. Rd5+ Kf6 70.
Rxa5 Qb7 71. Rg5 Kf7 72. a5 Kf6 73. Rg6+ Kf5 74. Nh4+ Ke4 75. Nf3 Ke3 76. Re6+ 1-0

[Event "*** Titled Tuesday Blitz"]
[Site "Chess.com"]
[Date "2020.11.24"]
[Round "7"]
[White "temus_galaktionov"]
[Black "Zhani-Z"]
[Result "1-0"]
[WhiteElo "2690"]
[BlackElo "2518"]
[TimeControl "180+1"]
[EndTime "11:36:46 PST"]
[Termination "temus_galaktionov won on time"]

1. d4 Nf6 2. Nf3 d5 3. c4 e6 4. Nc3 a6 5. cxd5 exd5 6. Bg5 Be6 7.
e3 Bd6 8. Bd3 Nbd7 9. h3 c6 10.
O-O Qc7 11. Qd2 h6 12. Bf4 O-O 13. Rfc1 Rfe8 14. Na4 Bxf4 15. exf4 Ne4 16. Bxe4 dxe4 17. Ne5 Rad8 18. Qe3 Nf6 19. Rd1 Bc8 20. Rac1 Nd5 21.
Qg3 f6 22. Ng6 Bf5 23. Nh4 Nxf4 24. Kh2 Bh7 25. Nc5 g5 26. d5 Rxd5 27. Rxd5 Nxd5 28.
Qxc7 Nxc7 29. Nxb7 gxh4 30. Rxc6 Nd5 31. Rd6 Nb4 32.
Rxf6 Nxa2 33. Rxa6 Nb4 34. Rxh6 Nd3 35. Nd6 Rb8 36. Rxh4 Nxf2 37. Kg3 e3 38. Kf3 Rb3 39. Nc4 Be4+ 40. Ke2 Bd3+ 41. Kf3 Bxc4 42. Rxc4 Nd1 43.
Ke2 Nxb2 44. Re4 Rc3 45. Rxe3 Rc2+ 46. Kf3 Nc4 47. Re7 Kf8 48. Rb7 Ne5+ 49. Kf4 Nd3+ 50. Ke3 Ne5 51. g4 Ng6 52. Ke4 Rf2 53. Ra7 Nh4 54. Rh7 Ng6 55. h4 Rf4+ 56. Ke3 Rxg4 57. h5 Ne7 58. h6 Nf5+ 59. Kf3 Rh4 60. Rh8+ Kf7 61. h7 Kg7 62. Ra8 Kxh7 63. Ra5 Kg6 64.
Kf2 Kg5 65. Rb5 Rc4 66. Ra5 Kf4 67. Ke2 Rc3 68. Kd2 1-0

[Event "*** Titled Tuesday Blitz"]
[Site "Chess.com"]
[Date "2020.11.24"]
[Round "7"]
[White "Fandorine"]
[Black "Arseniy_Nesterov"]
[Result "1/2-1/2"]
[WhiteElo "2875"]
[BlackElo "2812"]
[TimeControl "180+1"]
[EndTime "11:36:49 PST"]
[Termination "Game drawn by repetition"]

1. Nf3 d5 2. c4 c6 3. e3 Nf6 4. Nc3 e6 5. b3 Bd6 6. Bb2 O-O 7. Qc2 e5 8. cxd5 cxd5 9. Nb5 Nc6 10. Nxd6 Qxd6 11. d4 Nb4 12. Qd1 e4 13. Ne5 Ne8 14. a3 f6 15. Nc4 dxc4 16. axb4 Qxb4+ 17.
Qd2 Qxb3 18. Ra3 Qb6 19. Bxc4+ Be6 20. d5 Nd6 21. Ba2 Bf7 22. O-O a6 23. Bd4 Qc7 24. Rc3 Qd7 25. Bb6 Rfc8 26. Rfc1 Rxc3 27. Rxc3 Rc8 28.
h3 h6 29. Rxc8+ Qxc8 30. Qb4 Qd7 31. Bb3 Nc8 32. d6 Qxd6 33. Bc5 Qc6 34. Bxf7+ Kxf7 35. Qb3+ Kg6 36. Bf8 Qe8 37. Qg8 Qf7 38. Qh8 Ne7 39.
Bxe7 Qxe7 40. g4 Kf7 41. Qc8 a5 42. Kg2 b5 43. Qc6 b4 44. Qd5+ Kf8 45. Qxa5 Qb7 46. Qd8+ Kf7 47. h4 b3 48. Qd1 b2 49. Qb1 Qb4 50. Kg3 Qd6+ 51. Kg2 Qb4 52. h5 Kg8 53. Kg3 Kh7 54. Kg2 Kh8 55. Kg3 Qc3 56. Qa2 Qc2 57.
Qf7 Qc8 58. Qb3 Qc7+ 59. Kg2 Qe5 60. Kh3 f5 61. Kg2 fxg4 62. Qb7 Qxh5 63. Qxb2 Qh3+ 64. Kg1 g3 65. Qb8+ Kh7 66. fxg3 Qg4 67. Qe5 Qd1+ 68. Kh2 Qe2+ 69. Kh3 Qf1+ 70. Kh4 g5+ 71. Kg4 Qf3+ 72. Kh3 Qh1+ 73. Kg4 Qf3+ 74. Kh3 Qxe3 75. Qe7+ Kg6 76.
Qe6+ Kg7 77. Qe7+ Kg6 78. Qe6+ Kg7 79. Qe7+ Kg6 1/2-1/2

[Event "*** Titled Tuesday Blitz"]
[Site "Chess.com"]
[Date "2020.11.24"]
[Round "7"]
[White "Sinquefield"]
[Black "DenishevM"]
[Result "1-0"]
[WhiteElo "2470"]
[BlackElo "2593"]
[TimeControl "180+1"]
[EndTime "11:36:50 PST"]
[Termination "Sinquefield won by checkmate"]

1. e4 c5 2. Nf3 d6 3. d4 cxd4 4.
Nxd4 Nf6 5. Nc3 a6 6. Bc4 e6 7.
Bb3 b5 8. Qf3 Qc7 9. O-O Be7 10.
Qg3 O-O 11. Bh6 Ne8 12. Nf3 Nd7 13. Rad1 Nc5 14. Bf4 Bb7 15. Rfe1 Rd8 16. a3 Nf6 17. e5 dxe5 18. Bxe5 Qb6 19. Nd4 Kh8 20. h4 Bd6 21. Bxd6 Qxd6 22. Qg5 h6 23. Qe3 Nxb3 24. Nxb3 Qc7 25.
Qc5 Qf4 26. Rd4 Qf5 27. Qxf5 exf5 28. Red1 Rxd4 29. Rxd4 Rc8 30. f3 g6 31. Rd6 Kg7 32. Na5 Ne8 33. Rb6 Ba8 34. Rxa6 Rd8 35. Nxb5 Nf6 36.
Nc3 Bd5 37. Kf2 g5 38. hxg5 hxg5 39. Nxd5 Rxd5 40. Nc4 Rd1 41. Ne3 Rb1 42. Nxf5+ Kg6 43. Ne7+ Kg7 44. Rb6 g4 45. Nf5+ Kg6 46. fxg4 Kg5 47.
Ne3 Ne4+ 48. Kf3 Nd2+ 49. Ke2 Ne4 50. Rb5+ Kf4 51. Rb4 Ra1 52. Nd1 Ke5 53. Rb5+ Kd6 54. Ne3 Rb1 55. a4 Ra1 56. Kd3 Nc5+ 57. Kc4 Rxa4+ 58. b4 Ne6 59. Rb6+ Kc7 60. Nd5+ Kc8 61. Kb5 Ra2 62. c4 Nd4+ 63. Kc5 Ne6+ 64. Kd6 Rd2 65. Rc6+ Kb8 66. b5 Nd4 67. Rb6+ Ka7 68. Ra6+ Kb7 69.
Ra3 Nc2 70. Rf3 f5 71. Rxf5 Nb4 72. Rf7+ Kc8 73. g5 Kd8 74. Rf8# 1-0

[Event "*** Titled Tuesday Blitz"]
[Site "Chess.com"]
[Date "2020.11.24"]
[Round "7"]
[White "arjwezhrtdrz"]
[Black "vanyakuba"]
[Result "1-0"]
[WhiteElo "2339"]
[BlackElo "2465"]
[TimeControl "180+1"]
[EndTime "11:36:52 PST"]
[Termination "arjwezhrtdrz won on time"]

1. e4 d5 2. Nc3 dxe4 3. Nxe4 Qd5 4. Qf3 Nc6 5. c3 e5 6. Ng3 Qxf3 7. Nxf3 f5 8. Bb5 Bd6 9. O-O Nf6 10. Bxc6+ bxc6 11. Nxe5 Bxe5 12. Re1 Ne4 13. Nxe4 O-O 14. Ng3 Bd6 15.
d4 Bd7 16. Bd2 Kf7 17. Re2 Rfe8 18. Rae1 Rxe2 19. Rxe2 Rb8 20. b3 a6 21. Nh5 g6 22.
Nf4 a5 23. Nd3 a4 24. b4 Be6 25. Nc1 a3 26. g3 Bc4 27. Re1 Ra8 28. f3 Rb8 29.
Kf2 Ra8 30. Bf4 Rb8 31. Rd1 Kf6 32. h4 Rh8 33. Re1 h6 34. Be5+ Bxe5 35. Rxe5 Ra8 36. Rc5 Bd5 37. Ra5 Rxa5 38. bxa5 Bc4 39. Ke3 Ke6 40. Kf4 Kf6 41. Ke3 g5 42. hxg5+ hxg5 43.
Nd3 Bxa2 44. a6 c5 45. a7 Bd5 46. Nxc5 a2 47. Nb3 Ke7 48. c4 Ba8 49. Na1 Kd6 50. f4 g4 51. Kd3 Kc6 52. Kc3 Kb6 53. Kb2 Kxa7 54. Kxa2 Kb6 55. Kb3 Be4 56. Kb4 Kc6 57. Nb3 Kd6 58. Nc5 Bb1 59. Nb3 Bc2 60. Nd2 Bd3 61. Kc3 Be2 62. Nb1 Bd1 63. Na3 c6 64. Nc2 Be2 65. Ne3 Ke6 66. c5 Bf3 67. Kb4 Be2 68.
Ka5 Bd3 69. Kb6 Bb5 70. d5+ Kd7 71. d6 Ke6 72. Nxf5 Kd7 73. Ne3 Be2 74. Nc2 Bf3 75.
Nd4 Be4 76. Nb3 Bd5 77. Na5 Be4 78. Nb3 Bd5 79. Nd2 Ba2 80. Nf1 Bd5 81. Ne3 Bf3 82.
f5 Be2 83. f6 Ke6 84. f7 Kxf7 85. d7 1-0

[Event "*** Titled Tuesday Blitz"]
[Site "Chess.com"]
[Date "2020.11.24"]
[Round "7"]
[White "Oleksandr_Bortnyk"]
[Black "Tayson_7"]
[Result "0-1"]
[WhiteElo "2887"]
[BlackElo "2706"]
[TimeControl "180+1"]
[EndTime "11:37:01 PST"]
[Termination "Tayson_7 won on time"]

1. e4 c5 2. Nf3 Nc6 3. c3 d5 4.
exd5 Qxd5 5. d4 Bg4 6. Be2 e6 7.
Be3 cxd4 8. cxd4 Nf6 9. Nc3 Qd6 10. h3 Bh5 11. O-O Be7 12. a3 O-O 13. Qb3 a6 14.
Rad1 Rfd8 15. Rfe1 Rac8 16. Qxb7 Bxf3 17. gxf3 Rb8 18. Qxa6 Rxb2 19. Ne4 Qd5 20. Bc4 Nb8 21.
Qa7 Rb7 22. Nxf6+ gxf6 23. Bxd5 Rxa7 24. Be4 f5 25. Bc2 Rxa3 26. d5 Rxd5 27. Rxd5 exd5 28. Bxf5 Nc6 29. Kg2 Kg7 30. Bd7 Ra6 31. Rd1 d4 32.
Bf4 Bf6 33. Bf5 Ne7 34. Be4 Ng6 35. Bc7 Ra7 36. Bb6 Rd7 37. Bc5 Be5 38. Kf1 Nf4 39. h4 Kf6 40. Re1 h5 41. Bb6 Rd6 42. Bc5 Ra6 43.
Bb4 Ra2 44. Rd1 Ng6 45. Bc5 Ra4 46. Ke2 Nf4+ 47. Kf1 Ne6 48. Bb6 Ke7 49. Kg2 Ra2 50. Kf1 Rb2 51. Ba5 Bd6 52. Bd2 Bc5 53. Bc1 Ra2 54.
Bd3 Kd6 55. Bc4 Rc2 56. Bb3 Rc3 57. Bxe6 fxe6 58. Ke2 Kd5 59. Bd2 Rc2 60. Kd3 Ra2 61. Rc1 Ra3+ 62. Ke2 d3+ 63. Ke1 Bd4 64. f4 Ke4 65.
Kf1 Ra1 66. Rxa1 Bxa1 67. Kg2 Bf6 68. Kg3 Bd8 69. f3+ Kd4 70. f5 Bc7+ 71. f4 exf5 72. Kf3 Bd6 73. Be1 Ba3 74. Bd2 Bb2 75. Kf2 Bc3 76.
Be3+ Ke4 77. Bc1 Bd4+ 78. Kg3 Be3 79. Bb2 d2 80. Bc3 d1=Q 81. Be1 Qg4+ 82. Kh2 Bxf4+ 83. Kh1 Qh3+ 84. Kg1 Qh2+ 85. Kf1 Kf3 86. Bg3 Qg2+ 0-1

[Event "*** Titled Tuesday Blitz"]
[Site "Chess.com"]
[Date "2020.11.24"]
[Round "7"]
[White "vinniethepooh"]
[Black "Slovak_fighter2000"]
[Result "1-0"]
[WhiteElo "2618"]
[BlackElo "2465"]
[TimeControl "180+1"]
[EndTime "11:37:08 PST"]
[Termination "vinniethepooh won by resignation"]

1. d4 Nf6 2. c4 g6 3. Nc3 Bg7 4. e4 d6 5. Be2 O-O 6. Be3 c5 7.
dxc5 dxc5 8. Qxd8 Rxd8 9. e5 Nfd7 10. f4 Nc6 11. Nf3 b6 12. O-O Bb7 13. Rfd1 Nf8 14.
Nd5 e6 15. Nc7 Rxd1+ 16. Rxd1 Rd8 17. Rxd8 Nxd8 18. Nb5 a6 19. Nd6 Bc6 20. b4 Nd7 21. a3 Bf8 22. b5 axb5 23. cxb5 Bd5 24. Nc4 Nb7 25. Nfd2 Be7 26. a4 Bd8 27. g3 h5 28.
h4 Bc7 29. Kf2 Bd8 30. Bf3 Bc7 31.
Be4 Kf8 32. Ke2 Ke7 33. Kd3 Bd8 34. Nf3 Bc7 35. Ng1 Bd8 36. Ne2 Bxe4+ 37. Kxe4 Bc7 38.
Ng1 Bd8 39. Nf3 Ke8 40. Nfd2 Bc7 41. Nb3 Kd8 42. Bd2 Kc8 43. Bc3 Kd8 44. Nc1 Kc8 45. Nd3 Kd8 46. Kf3 Kc8 47. Nf2 Bd8 48. Ne4 Be7 49. Ke2 Kc7 50. Ke3 Bf8 51. Kd3 Be7 52. Kc2 Kc8 53. Kb3 Kc7 54. Ka3 Kc8 55. Ka2 Kc7 56.
Kb2 Kc8 57. Kb3 Kc7 58. Kc2 Kc8 59. a5 bxa5 60. Nxa5 Nxa5 61. Bxa5 Kb7 62. Kc3 Nb6 63. Bxb6 Kxb6 64. Kc4 Kc7 65. Nxc5 Kb6 66. Na4+ Kc7 67. Nc3 Ba3 68. Ne4 Bc1 69. Ng5 Be3 70. Nxf7 Bf2 71. Ng5 Bxg3 72. Nxe6+ Kd7 73. b6 Bxh4 74. b7 Kxe6 75. b8=Q Kf5 76. Qd6 Bg3 77. e6 Bxf4 78.
Qxf4+ Kxf4 79. e7 h4 80. e8=Q h3 81. Qxg6 Kf3 82. Qh5+ Kg3 83. Qg5+ Kf3 84. Qh4 Kg2 85. Qg4+ Kh2 86. Kd3 1-0

[Event "*** Titled Tuesday Blitz"]
[Site "Chess.com"]
[Date "2020.11.24"]
[Round "7"]
[White "VladaSviridova"]
[Black "Eternauta2400"]
[Result "1-0"]
[WhiteElo "2290"]
[BlackElo "2409"]
[TimeControl "180+1"]
[EndTime "11:37:10 PST"]
[Termination "VladaSviridova won by checkmate"]

1. d4 Nf6 2. c4 c5 3. d5 b5 4. cxb5 a6 5. bxa6 g6 6. Nc3 Bg7 7. Nf3 O-O 8. g3 d6 9. Bg2 Nbd7 10.
O-O Nb6 11. Nd2 Bxa6 12. Re1 Qc7 13. Qc2 Rfb8 14. Rb1 Nfd7 15. b3 Ne5 16. a4 Qd7 17. h3 Bb7 18. f4 c4 19. fxe5 cxb3 20. Rxb3 Bxe5 21. Rxb6 Bg7 22. Kh2 Be5 23. Nc4 Bd4 24. Rb3 Rc8 25. Nb6 Bxb6 26. Rxb6 Ba6 27. Bd2 Rc7 28. Qb2 Bc8 29. e4 f6 30. Rb8 Raa7 31.
Nb5 Rab7 32. Rxb7 Rxb7 33. Qd4 Rb8 34. Rc1 Ba6 35. Rc7 Qd8 36. Ra7 Bxb5 37. axb5 Rxb5 38. Bc3 Rc5 39. Qb4 Kf7 40. Rb7 Qc8 41. Bd4 Rc4 42.
Qb2 Rxd4 43. Rxe7+ Kxe7 44. Qxd4 Qc2 45. h4 h5 46. Qb6 f5 47. Qb7+ Kf6 48. exf5 Kxf5 49.
Qd7+ Ke5 50. Qe6+ Kd4 51. Qxd6 Qf5 52. Qc6 g5 53. hxg5 h4 54. gxh4 Qf4+ 55. Kh1 Qxh4+ 56. Kg1 Qe1+ 57. Bf1 Qg3+ 58. Kh1 Qh4+ 59. Kg2 Qxg5+ 60.
Kf2 Qf4+ 61. Ke1 Qe3+ 62. Kd1 Qb3+ 63. Ke1 Qe3+ 64. Be2 Qg1+ 65. Kd2 Qe3+ 66. Kd1 Qb3+ 67. Kd2 Qb2+ 68. Ke1 Qb1+ 69. Kf2 Qf5+ 70. Bf3 Qf4 71. Qb6+ Kc3 72. Qc5+ Kd2 73. d6 Qh2+ 74. Bg2 Qf4+ 75. Kg1 Qg4 76. Qd5+ Kc1 77. d7 Qg3 78. d8=Q Qe1+ 79.
Kh2 Qh4+ 80. Bh3 Qf2+ 81. Qg2 Qf4+ 82. Qg3 Qd2+ 83. Qxd2+ Kxd2 84. Qf2+ Kc1 85. Bg2 Kb1 86. Bf3 Kc1 87. Be4 Kd1 88. Qg2 Kc1 89. Bd3 Kd1 90. Qf2 Kc1 91. Qc2# 1-0

[Event "*** Titled Tuesday Blitz"]
[Site "Chess.com"]
[Date "2020.11.24"]
[Round "7"]
[White "SlavenPastar"]
[Black "LikeWater"]
[Result "1/2-1/2"]
[WhiteElo "2500"]
[BlackElo "2616"]
[TimeControl "180+1"]
[EndTime "11:37:12 PST"]
[Termination "Game drawn - insufficient material"]

1. d4 Nf6 2. c4 c5 3. Nf3 g6 4. d5 Bg7 5. Nc3 O-O 6. Bg5 Qa5 7. Nd2 b5 8. cxb5 a6 9. bxa6 Bxa6 10. e4 d6 11. Bxa6 Qxa6 12. Qe2 Re8 13. f3 e6 14.
dxe6 Rxe6 15. O-O Qxe2 16. Nxe2 d5 17. Nf4 Rea6 18. Bxf6 Bxf6 19. Nxd5 Bxb2 20. Rab1 Rxa2 21. Nc4 Bd4+ 22. Kh1 Nc6 23. f4 Rc2 24. Nce3 Re2 25. Rf3 Raa2 26. h3 h5 27. e5 h4 28. Rb7 Ra3 29. Rc7 Bxe3 30. Nxe3 Raxe3 31. Rxe3 Rxe3 32. Rxc6 Rc3 33. Kg1 Rc1+ 34. Kf2 c4 35. Kf3 c3 36. Kg4 c2 37. Kxh4 Rf1 38. Rxc2 Rxf4+ 39. Kg3 Re4 40. Rc5 Kf8 41. Rd5 Ke7 42. Ra5 Ke6 43. Rb5 Kf5 44.
Kf3 Re1 45. g4+ Ke6 46. Kf4 Rf1+ 47. Kg3 Re1 48. Kf4 Rf1+ 49. Kg3 Ke7 50. Rb6 Re1 51. Kf4 Rf1+ 52. Kg5 Re1 53. Kf4 Rf1+ 54. Ke4 Rh1 55. Rb3 Re1+ 56. Re3 Rh1 57. Kf4 Ke6 58. Kg5 Rg1 59.
h4 Rg2 60. h5 gxh5 61. Kxh5 Rh2+ 62. Kg5 Rh8 63. Kf4 Rb8 64. Re4 Rb1 65. Ra4 Rf1+ 66.
Kg5 Kxe5 67. Ra5+ Ke6 68. Ra6+ Ke7 69. Ra7+ Kf8 70. Ra8+ Kg7 71. Ra7 Rb1 72. Ra6 Rb5+ 73. Kf4 Rc5 74. Kg3 f6 75. Kh4 Kg6 76. Ra4 Rb5 77. Rf4 Rb1 78. Rf3 Rg1 79. Rg3 Re1 80. Rf3 Re4 81. Rg3 f5 82. Kh3 f4 83. Ra3 Kg5 84. Ra5+ Kg6 85. g5 f3 86. Kg3 f2 87.
Kxf2 Rg4 88. Kf3 Rxg5 89. Rxg5+ Kxg5 1/2-1/2

[Event "*** Titled Tuesday Blitz"]
[Site "Chess.com"]
[Date "2020.11.24"]
[Round "7"]
[White "FMAntonio"]
[Black "HanSchut"]
[Result "1/2-1/2"]
[WhiteElo "2348"]
[BlackElo "2205"]
[TimeControl "180+1"]
[EndTime "11:37:29 PST"]
[Termination "Game drawn by repetition"]

1. e4 c5 2. Nf3 d6 3. d4 cxd4 4. Nxd4 Nf6 5. Bd3 g6 6. O-O Bg7 7. Nc3 O-O 8. Kh1 Nc6 9. Nb3 Bd7 10. f4 Rc8 11. a3 Na5 12. Nxa5 Qxa5 13. Bd2 Qc5 14. Qe1 b5 15. Be3 Qc7 16. Bxb5 Bxb5 17. Nxb5 Qxc2 18. Nxa7 Ra8 19. e5 dxe5 20. fxe5 Ng4 21.
Bg1 Nxe5 22. Rb1 Nd3 23. Qxe7 Nxb2 24. Nb5 Nc4 25. Rfc1 Qd3 26. Rd1 Nd2 27. Qb4 Rad8 28. Rbc1 Bh6 29. a4 Qe4 30. Qxe4 Nxe4 31. Rxd8 Rxd8 32.
Ra1 Bg7 33. Re1 Nc5 34. a5 Na6 35. Rc1 Bh6 36. Rb1 Rb8 37. Bb6 Nb4 38. h3 Nc2 39.
Rd1 Ne3 40. Rd7 Rc8 41. a6 Rc1+ 42. Kh2 Nf1+ 43. Kg1 Ng3+ 44. Kf2 Bf4 45. Kf3 g5 46. Kg4 h5+ 47. Kf3 Rb1 48. Bf2 Rb3+ 49. Be3 Rxe3+ 50. Kf2 Re2+ 51. Kf3 Re3+ 52. Kf2 Rb3 53. a7 Rb2+ 54. Kg1 Be3+ 55. Kh2 Bf4 56. a8=Q+ Kg7 57. Kg1 Ne2+ 58. Kf2 Nd4+ 59. Ke1 Nxb5 60. Rd5 Nc3 61.
Qa1 Rb1+ 62. Qxb1 Nxb1 63. Kf2 Nc3 64. Ra5 Ne4+ 65. Kf3 Nf6 66. Ra6 h4 67. Kf2 Kg6 68. Kf3 Kf5 69. Rc6 Nd7 70. Ra6 Ne5+ 71. Kf2 Ke4 72. Ke2 f5 73. Ra4+ Kd5 74. Ra5+ Kd4 75. Ra8 Nc4 76. Ra4 Be5 77. Kf3 Kd3 78. Ra8 Nd2+ 79.
Kf2 Bd4+ 80. Ke1 Ne4 81. Ra3+ Bc3+ 82. Kf1 g4 83. hxg4 fxg4 84. Ra8 h3 85. gxh3 gxh3 86. Rd8+ Ke3 87. Kg1 Kf3 88. Kh2 Be5+ 89. Kxh3 Ng5+ 90. Kh4 Ne4 91. Rf8+ Bf4 92. Kh5 Ng3+ 93. Kg6 Ne4 94. Re8 Ng3 95. Rf8 Ne4 96. Re8 Ng3 97. Rf8 1/2-1/2

[Event "*** Titled Tuesday Blitz"]
[Site "Chess.com"]
[Date "2020.11.24"]
[Round "7"]
[White "xamax2000"]
[Black "Brave_spirit12"]
[Result "1-0"]
[WhiteElo "2639"]
[BlackElo "2503"]
[TimeControl "180+1"]
[EndTime "11:37:30 PST"]
[Termination "xamax2000 won by resignation"]

1. d4 Nf6 2. c4 e6 3. Nf3 d5 4. Nc3 Be7 5. Bf4 c5 6. dxc5 O-O 7. cxd5 exd5 8. e3 Nc6 9. Be2 Bg4 10. h3 Bh5 11. Nd4 Bxe2 12. Qxe2 Bxc5 13. Nxc6 bxc6 14. O-O Re8 15. Rfd1 Ne4 16. Rac1 Qa5 17. Nxe4 Rxe4 18. b3 Rae8 19. Qd3 Qb6 20. Kh1 h6 21. Bg3 Bxe3 22.
Rc2 Bc5 23. Qc3 Bb4 24. Qxc6 Qxc6 25. Rxc6 d4 26. Kh2 Bc3 27. Rc7 a5 28. Rd7 Re2 29.
a4 Rb2 30. Rb7 Ree2 31. h4 h5 32. Kh3 Red2 33. Rxd2 Rxd2 34. Bf4 Rd3+ 35. g3 Bb4 36. Rd7 Rd1 37. Kg2 d3 38. Kf3 d2 39. Rd8+ Kh7 40.
Rd5 g6 41. Kg2 Kg7 42. Be5+ f6 43. Bf4 Kf7 44. Kf3 Ke6 45. Rd3 Kf5 46. Rd5+ Ke6 47. Rd3 Ke7 48. Kg2 Kf7 49. Kf3 Ke6 50. Kg2 Kf5 51. Kf3 g5 52. hxg5 fxg5 53. Be3 g4+ 54. Kg2 Ke4 55. Rd4+ Ke5 56. Rd3 Ke6 57. Kh2 Kf5 58.
Kg2 Kg6 59. Kh2 h4 60. gxh4 Kf5 61. Kg2 Ke4 62. Rd4+ Ke5 63. h5 Kf5 64. h6 Kf6 65.
Rd7 Re1 66. Bxd2 Bxd2 67. Rxd2 Kg6 68. Rd6+ Kh7 69. Ra6 Rb1 70. Rb6 Rb2 71. Kg3 Rc2 72. Rb5 Kxh6 73. Kxg4 Rc3 74. f4 Kg6 75. Rb6+ Kf7 76.
Kg5 Rc5+ 77. f5 Rc1 78. Rb7+ Kf8 79. Kg6 Rg1+ 80. Kf6 Ke8 81. Rb8+ Kd7 82. Rb5 Rg3 83. Kf7 Kc6 84. f6 Rh3 85. Kg7 Rg3+ 86. Kf8 Rh3 87. f7 Rf3 88. Rg5 Kd7 89. Kg8 Ke7 90. Re5+ Kd6 91.
Rxa5 Ke7 92. Re5+ Kd6 93. f8=Q+ Rxf8+ 94. Kxf8 Kxe5 95. Ke7 Kd5 96. Kd7 Kc5 97. Kc7 Kb4 98. Kb6 Kxb3 99. a5 1-0

[Event "*** Titled Tuesday Blitz"]
[Site "Chess.com"]
[Date "2020.11.24"]
[Round "7"]
[White "kuban1991"]
[Black "Margency"]
[Result "1/2-1/2"]
[WhiteElo "2891"]
[BlackElo "2680"]
[TimeControl "180+1"]
[EndTime "11:37:39 PST"]
[Termination "Game drawn by repetition"]

1. Nf3 d5 2. g3 e6 3. Bg2 c5 4.
O-O Nf6 5. d4 Nc6 6. c4 Be7 7.
cxd5 exd5 8. Nc3 O-O 9. dxc5 Bxc5 10. Na4 Be7 11. Be3 Re8 12. Rc1 Bg4 13. h3 Bxf3 14. Bxf3 Qd7 15. Bg2 Rad8 16. Nc5 Bxc5 17. Bxc5 Ne4 18.
e3 Qe6 19. Bd4 Rd7 20. Qd3 h5 21. h4 Nxd4 22. Qxd4 b6 23. Rc2 Red8 24. Kh2 Nf6 25.
Bh3 Ng4+ 26. Kg1 Qg6 27. Rfc1 Re7 28. Bxg4 Qxg4 29. Qxg4 hxg4 30. Rc8 Rd7 31. Rxd8+ Rxd8 32. Rc7 d4 33. exd4 Rxd4 34. Rxa7 Rd2 35. b3 Rb2 36.
Ra4 f5 37. h5 Kh7 38. Ra6 b5 39. Ra5 g6 40. Kg2 Kh6 41. hxg6 Kxg6 42. Rxb5 Rxa2 43. b4 Rb2 44. Rb8 Kg5 45. b5 Kg6 46. b6 Kg7 47. Kf1 Kf7 48. Ke1 Kg7 49. b7 Kh7 50. Kd1 Kg7 51. Kc1 Rb5 52. Kd2 Rb3 53. Kc2 Rb6 54. Kd3 Rb4 55. Kc3 Rb1 56. Kd4 Rb3 57. Ke5 Rb5+ 58.
Kd6 Rb2 59. Ke6 Rb5 60. Kd6 Rb2 61. Kc6 Rc2+ 62. Kd5 Rb2 63. Ke5 Rb5+ 64. Kf4 Kh7 65. Rf8 Rxb7 66. Rxf5 Rb4+ 67. Kg5 Kg7 68. Rf4 Rb2 69.
Kxg4 Kg6 70. Re4 Rxf2 71. Re6+ Kg7 72. Kg5 Kg8 73. g4 Rf8 74. Kg6 Ra8 75. g5 Rb8 76. Kh6 Ra8 77. Re7 Rb8 78. Rh7 Ra8 79. Rb7 Rc8 80.
g6 Ra8 81. Rc7 Rb8 82. Rg7+ Kh8 83. Ra7 Kg8 84. Rg7+ Kh8 85. Rc7 Kg8 86. Rf7 Ra8 87. Rf4 Rb8 88. Rf6 Ra8 89. g7 Re8 90. Kg6 Rb8 91. Rf7 Rb6+ 92. Rf6 Rb8 93. Rd6 Rc8 94. Rd7 Rc6+ 95. Kf5 Rb6 96. Ke5 Ra6 97. Rb7 Rg6 98. Kf5 Rxg7 99. Rb8+ Kh7 100. Rb1 Kg8 101. Kf6 Rf7+ 102. Ke6 Rg7 103. Rf1 Rg3 104. Kf6 Rg7 105. Rd1 Rf7+ 106. Kg6 Rg7+ 107. Kf6 Rf7+ 108. Kg6 Rg7+ 109. Kf6 1/2-1/2